 Dungeon Crawl Stone Soup version 0.27-a0-1202-ge72e49191c (webtiles) character file.

Game seed: 1322306392038478419

233 Delamore the Shield-Bearer (level 6, 0/49 HPs)
             Began as a Formicid Fighter on June 4, 2021.
             Was a Believer of Kikubaaqudgha.
             Slain by a gnoll
             ... wielding a +0 club
              (3 damage)
             ... on level 2 of the Dungeon.
             The game lasted 00:04:53 (3516 turns).

Delamore the Shield-Bearer (Formicid Fighter)       Turns: 3516, Time: 00:04:53

Health: 0/49       AC:  6    Str: 23    XL:     6   Next: 26%
Magic:  6/6        EV:  8    Int:  7    God:    Kikubaaqudgha [**....]
Gold:   95         SH: 10    Dex: 10    Spells: 5/5 levels left

rFire    . . .     SeeInvis +   a - +0 trident
rCold    . . .     Faith    .   c - +0 kite shield
rNeg     + . .     Spirit   .   b - +0 scale mail
rPois    .         Reflect  .   (helmet unavailable)
rElec    .         Harm     .   (no cloak)
rCorr    .         Rampage  .   (no gloves)
Will     .....                  (no boots)
Stlth    ..........             (no amulet)
HPRegen  0.16/turn              g - ring of positive energy
MPRegen  0.10/turn              (no ring)

@: no status effects
A: permanent stasis, dig shafts and tunnels, antennae 3, four strong arms
a: Dig, Shaft Self, Renounce Religion, Receive Corpses


You were on level 2 of the Dungeon.
You worshipped Kikubaaqudgha.
Kikubaaqudgha was pleased with you.
You visited 1 branch of the dungeon, and saw 5 of its levels.

You collected 95 gold pieces.

Inventory:

Hand Weapons
 a - a +0 trident (weapon)
Armour
 b - a +0 scale mail (worn)
 c - a +0 kite shield (worn)
Jewellery
 g - a ring of positive energy (left hand)
Wands
 k - a wand of polymorph (5)
 l - a wand of iceblast (10)
Scrolls
 e - a scroll of torment
 f - 3 scrolls of identify
 h - a scroll of enchant armour {unknown}
 j - a scroll of immolation {unknown}
Potions
 d - a potion of might


   Skills:
 + Level 4.5 Fighting
 * Level 4.5 Polearms
 - Level 3.2 Armour
 - Level 5.0 Shields


You had 5 spell levels left.
You didn't know any spells.
Your spell library contained the following spells:

 Spells                   Type           Power      Damage    Failure   Level
 Pain                     Necr           0%         1d4       95%         1
 Corpse Rot               Necr/Air       N/A        N/A       99%         2
 Sublimation of Blood     Necr           0%         N/A       99%         2
 Vampiric Draining        Necr           0%         2d6       100%        3


Dungeon Overview and Level Annotations

Branches:
Dungeon (5/15)
 Temple: D:4-7

Altars:
Kikubaaqudgha

Shops:
D:3 :

Annotations:
D:4 Terence


Innate Abilities, Weirdness & Mutations

You cannot be hasted, slowed, berserked, paralysed or teleported.
You can dig through walls and to a lower floor.
You have a pair of large antennae on your head. (SInv)
Your four strong arms can wield two-handed weapons with a shield.


Message History

The gnoll shaman is heavily wounded.
You block the gnoll's attack.
The gnoll shaman hits you with a +0 whip.
* * * LOW HITPOINT WARNING * * *
Unknown command.
You block the gnoll shaman's attack.
You barely miss the gnoll. You block the gnoll's attack.
You barely miss the gnoll shaman.
The gnoll shaman is heavily wounded.
You block the gnoll shaman's attack.
You closely miss the gnoll shaman.
The gnoll shaman is heavily wounded.
You block the gnoll shaman's attack.
You closely miss the gnoll shaman.
The gnoll shaman is heavily wounded.
The gnoll shaman hits you with a +0 whip.
* * * LOW HITPOINT WARNING * * *
You hit the gnoll shaman.
The gnoll shaman is severely wounded.
The gnoll shaman hits you with a +0 whip!
* * * LOW HITPOINT WARNING * * *
Your shield and scale mail prevent you from hitting the gnoll shaman.
The gnoll shaman is severely wounded.
The gnoll shaman barely misses you.
The gnoll shaman calls upon its god to speed up the gnoll.
The gnoll seems to speed up.
The gnoll shaman prays to its god.
The gnoll shaman is healed somewhat.
There is an open door here.
You block the gnoll's attack. The gnoll hits you but does no damage.
As you read the scroll labelled DOSOJY OCHIT, it crumbles to dust.
It is a scroll of identify.
e - a scroll of torment You block the gnoll's attack.
The gnoll hits you with a +0 club.
* * * LOW HITPOINT WARNING * * *
The gnoll hits you with a +0 club.
You die...
Kikubaaqudgha rasps: "You have failed me!
Welcome... death!"

#.# #.# #...........†.....'....
#.# #.# #.#.###..####.....##.##
#.# #.# #........# #.....##.#
#.# #<#####.###.## ########.#
##.#####...#.# #.# #.#
#..........#.# #.# #####.##
##########.#.###+########...#.#.
#.#...........##..#.#.#
#.#...@g.[....+....#.#.
#.#....g......###.#).(#
#.#...........+....#.#.
#########.#...........###.#.#.#
#..............####........#.#.
#.#######.####.####..........##
#.# #.####+#..'........#### #.#
#........g#........# # #.#
#.........#........# #


You could see a gnoll shaman and a gnoll (fast).

Vanquished Creatures
  An orc priest (D:3)
  An iguana (D:3)
  An orc wizard (D:3)
  Ijyb (D:2)
  Robin (D:3)
  2 gnolls
  An adder (D:2)
  2 worms (D:2)
  A dart slug (D:3)
  2 orcs (D:3)
  2 bats
  5 endoplasms
  3 giant cockroaches
  14 goblins
  7 hobgoblins
  7 jackals
  A quokka (D:1)
  9 ball pythons
  A frilled lizard (D:3)
  8 kobolds
  5 rats
75 creatures vanquished.

Notes
Turn   | Place    | Note
-------+----------+-------------------------------------------
     0 | D:1      | Delamore the Formicid Fighter began the quest for the Orb.
     0 | D:1      | Reached XP level 1. HP: 18/18 MP: 1/1
   105 | D:1      | Reached XP level 2. HP: 22/24 MP: 2/2
   358 | D:1      | Reached XP level 3. HP: 29/29 MP: 3/3
   380 | D:1      | Reached skill level 4 in Shields
   426 | D:1      | Found a faded altar of an unknown god.
   452 | D:1      | Became a worshipper of Kikubaaqudgha
   452 | D:1      | Reached * piety under Kikubaaqudgha
   452 | D:1      | Identified Kikubaaqudgha's Catalogue of Sinister Secrets
                  | (Kikubaaqudgha gifted it to you on level 1 of the Dungeon)
   452 | D:1      | Received a gift from Kikubaaqudgha
  1329 | D:2      | Reached XP level 4. HP: 37/37 MP: 4/4
  1801 | D:3      | Noticed Terence
  1880 | D:5      | Entered Level 5 of the Dungeon
  1880 | D:5      | Noticed an ogre
  1921 | D:3      | Reached XP level 5. HP: 10/42 MP: 5/5
  2192 | D:3      | Reached ** piety under Kikubaaqudgha
  2194 | D:3      | Noticed Robin
  2540 | D:3      | Killed Robin
  2762 | D:3      | Found Fixiabec's Book Shop.
  2827 | D:3      | Reached XP level 6. HP: 49/49 MP: 6/6
  2906 | D:3      | Noticed Ijyb
  2937 | D:2      | Killed Ijyb
  3096 | D:2      | Reached skill level 5 in Shields
  3516 | D:2      | Slain by a gnoll

Illustrated notes

Levels and vault maps discovered:
D:1:      dpeg_arrival_another_circle, layout_rooms,
          ebering_ecumenical_altar_sacrificial
D:2:      layout_basic, st_stairs_1, kennysheep_small_spiral,
          minmay_tiny_reverse_x
D:3:      layout_rooms, serial_shops, shop, uniq_robin, uniq_ijyb, uniq_terence
D:4:      layout_basic, skrybe_limestone_x
D:5:      layout_loops_ring, serial_undead, serial_undead_a, serial_undead_c,
          serial_undead_d, serial_undead_a

Skill      XL: |  1  2  3  4  5  6 |
---------------+-------------------+-----
Shields        | 4 5 |  5.0
Polearms       | 3 4 |  4.5
Fighting       | 4 |  4.5
Armour         | |  3.2

Action                   |  1- 3 |  4- 6 || total
-------------------------+-------+-------++-------
Melee: Trident           |   101 |   169 ||   270
       Unarmed           |       |     5 ||     5
  Use: Scroll            |       |     1 ||     1
       Potion            |       |     1 ||     1
Armor: Scale mail        |    45 |    59 ||   104
       Skin              |       |     7 ||     7
Dodge: Dodged            |    24 |    52 ||    76
Block: Kite shield       |    56 |   120 ||   176

Table legend: (Time is in decaauts)
 A = Elapsed time spent in this place.
 B = Non-inter-level travel time spent in this place.
 C = Inter-level travel time spent in this place.
 D = Time resting spent in this place.
 E = Time spent auto-exploring this place.
 F = Levels seen in this place.
 G = Mean time per level.
                   A        B        C        D        E       F      G
               +--------+--------+--------+--------+--------+-----+--------+
         Total |   3587 |   3545 |     42 |    849 |   2024 |   5 |  717.4 |
       Dungeon |   3587 |   3545 |     42 |    849 |   2024 |   5 |  717.4 |
               +--------+--------+--------+--------+--------+-----+--------+

Top non-repeatable levels by time:
     D:2: 1479 daAuts
     D:3: 938 daAuts
     D:1: 824 daAuts
     D:4: 342 daAuts
     D:5: 1 daAuts
